AoeStats
← CR | NamelessGuy

Arabia

509236567Analyzed
4v4 RM · 7d ago on Sep 26, 2026· 17m 27s· 8 players
Game mode
Random Map
Map size
Large (8 player)
Population
200
Speed
Normal
Resources
Standard
Victory
Conquest
Starting age
Dark Age
Ending age
Imperial Age
RankedLock teamsTeams togetherTeam positionsShared explorationLock speedFull tech treeHidden civsTurbo modeCheats
Victory
Defeat
🇨🇷 Italians · Costa Rica
1748
+6
🇦🇷 Ethiopians · Argentina
1382
+19
🇨🇴 Persians · Colombia
1354
+20
🇪🇨 Varangians · Ecuador
1153
+26
🇨🇳 Burgundians · China
1472
-19
🇨🇱 Franks · Chile
1456
-18
🇨🇳 Poles · China
1453
-18
🇦🇷 Vietnamese · Argentina
1416
-16
happix
8:08 Loom
9:54 Feudal Age
10:36 Double-Bit Axe
12:08 Loom
Falc0n
6:37 Loom
10:01 Feudal Age
15:29 Fletching
16:51 Padded Archer Armor
卫星点灯
2:50 Loom
9:28 Feudal Age
10:17 Double-Bit Axe
直接肘
3:40 Double-Bit Axe
3:58 Double-Bit Axe
6:32 Loom
9:48 Feudal Age
9:03 Horse Collar
11:01 Bow Saw
15:16 Scale Barding Armor
15:11 Scale Mail Armor
17:08 Forging
CR | NamelessGuy
6:43 Loom
8:56 Feudal Age
10:12 Double-Bit Axe
13:59 Fletching
17:56 Gold Mining
| CZK | CONANJD
6:36 Loom
9:39 Feudal Age
10:48 Double-Bit Axe
11:13 Horse Collar
14:14 Bloodlines
| CZK | DiegoAvalo
6:41 Loom
9:04 Feudal Age
10:58 Double-Bit Axe
15:24 Horse Collar
| CZK | Ashvini
3:27 Loom
10:00 Feudal Age
10:33 Double-Bit Axe
15:57 Fletching
Connection lost

Rejoining the realm…

Still unreachable

The connection could not be restored.

Session expired

The server has moved on; the page needs a fresh start.